 Dungeon Crawl Stone Soup version 0.18.1-48-g4cf74bf (webtiles) character file.

19637 Alarkh the Quickloader (level 12, -4/95 HPs)
             Began as a Mummy Hunter on Sept 10, 2016.
             Was a Priest of Okawaru.
             Slain by a komodo dragon (32 damage)
             ... on level 3 of the Lair of Beasts.
             The game lasted 00:38:43 (16000 turns).

Alarkh the Quickloader (Mummy Hunter)              Turns: 16000, Time: 00:38:45

Health: -4/95      AC: 14    Str: 17    XL:     12   Next: 38%
Magic:  10/12      EV: 18    Int: 14    God:    Okawaru [***...]
Gold:   615        SH:  0    Dex: 12    Spells: 0 memorised, 11 levels left

rFire  . . .     SeeInvis .     a - +2 hand crossbow
rCold  + + .     Gourm    .     H - +2 robe {rC+}
rNeg   + + +     Faith    .     (no shield)
rPois  ∞         Spirit   .     g - +2 hat {MR+}
rElec  .         Dismiss  .     h - +0 cloak
rCorr  .         Reflect  .     K - +2 pair of gloves
SustAt .         Harm     .     j - +0 pair of boots
MR     ++...                    r - amulet of regeneration
Stlth  +++.......               F - ring of protection from fire
                                s - +1 ring of protection

@: heroism, very resistant to hostile enchantments, fairly stealthy
A: no food or potions, fire vulnerability, cold resistance 1, negative energy
resistance 3, torment resistance, unbreathing
a: Heroism, Renounce Religion


You were on level 3 of the Lair of Beasts.
You worshipped Okawaru.
Okawaru was most pleased with you.
You were not hungry.

You visited 3 branches of the dungeon, and saw 14 of its levels.

You collected 690 gold pieces.
You spent 75 gold pieces at shops.

Inventory:

Hand Weapons
 a - a +2 hand crossbow (weapon)
 b - a +2 dagger of venom
 o - a +0 short sword
 z - a +1 dagger of electrocution
Missiles
 d - 43 bolts (quivered)
 x - a throwing net
Armour
 g - a +2 hat of magic resistance (worn)
 h - a +0 cloak (worn)
 j - a +0 pair of boots (worn)
 l - a +0 helmet
 q - a +1 robe of magic resistance
 H - a +2 robe of cold resistance (worn)
 K - a +2 pair of gloves (worn)
Magical Staves
 D - an uncursed staff of earth
 I - an uncursed staff of cold
Jewellery
 i - an uncursed ring of fire
 n - a +3 ring of intelligence
 p - an uncursed ring of flight
 r - an amulet of regeneration (around neck)
 s - a +1 ring of protection (left hand)
 C - an uncursed amulet of dismissal
 F - a ring of protection from fire (right hand)
 G - an uncursed ring of stealth
Wands
 t - a wand of disintegration (14/24)
 w - a wand of paralysis (4/24)
 B - a wand of iceblast (12/15)
Scrolls
 c - a scroll of summoning
 e - a scroll of identify
 f - 5 scrolls of remove curse
 k - 5 scrolls of random uselessness
 m - a scroll of recharging
 u - 3 scrolls of amnesia
 v - a scroll of noise
Books
 y - a book of Death

   Spells                             Type                      Level
   a - Corpse Rot                     Necromancy                   2
   b - Sublimation of Blood           Necromancy                   2
   c - Agony                          Necromancy                   5
   d - Dispel Undead                  Necromancy                   5
   e - Excruciating Wounds            Charms/Necromancy            5
   f - Bolt of Draining               Conjuration/Necromancy       5


   Skills:
 + Level 9.3(14.3) Fighting
 + Level 12.1(17.1) Crossbows
 + Level 7.4(12.4) Armour
 + Level 7.4(12.4) Dodging
 - Level 0.7(5.7) Stealth


You had 11 spell levels left.
You didn't know any spells.

Dungeon Overview and Level Annotations

Branches:
Dungeon (10/15)            Temple (1/1) D:4            Lair (3/8) D:10
  Swamp: Lair:3-6    Shoals: Lair:3-6     Snake: Lair:3-6    Spider: Lair:3-6
    Orc: D:9-12

Altars:
Ashenzari
Cheibriados
Dithmenos
Elyvilon
Fedhas
Gozag
Kikubaaqudgha
Makhleb
Nemelex Xobeh
Okawaru
Pakellas
Qazlal
Ru
Sif Muna
Trog
Vehumet
Xom
Yredelemnul
Zin
The Shining One

Shops:
D:4 ?   D:5 *

Annotations:
D:4 exclusion: oklob plant
D:10 tyranidshit's ghost, novice DsAK


Innate Abilities, Weirdness & Mutations

You do not eat or drink.
Your flesh is vulnerable to fire.
You are immune to poison.
Your flesh is cold resistant.
You are immune to negative energy.
You are immune to unholy pain and torment.
You can survive without breathing.


Message History

The blink frog hits you! The komodo dragon closely misses you.
The blink frog closely misses you.
Firing (i - inventory. (,) - cycle):
d - 45 bolts (quivered)
Press: ? - help, Shift-Dir - straight line, f/p - komodo dragon
Aim: a komodo dragon (heavily wounded)
You shoot a bolt. The bolt hits the komodo dragon!!
The komodo dragon is almost dead.
The blink frog blinks!
The komodo dragon closely misses you. The blink frog hits you.
* * * LOW HITPOINT WARNING * * *
Firing (i - inventory. (,) - cycle):
d - 44 bolts (quivered)
Press: ? - help, Shift-Dir - straight line, f/p - komodo dragon
Aim: a komodo dragon (almost dead)
You shoot a bolt.
The blink frog gives a loud, deep croak!
The bolt hits the komodo dragon.
The komodo dragon is almost dead.
The blink frog blinks!
The blink frog closely misses you. x2
The komodo dragon bites you!!
You die...

## ######## ## #
#.#####P##.#.##.###..P.
...............=.... . .
........l........(... ..
...###.#####...#.##.#...
...##### #(..# ##...##
....#......##..# .......
..l##......##..##F§.....
...#.....(.....l@F....#
...##......#...##.....#
....#....F.....##F....#
...##.##.##.#...#.###.#
....#..P.P#.P...### .#
....§.............. .
.................§.
...................
......>............


You could see a komodo dragon and 4 blink frogs.

Vanquished Creatures
  Gastronok (D:8)
  2 hydras
  A hill giant (D:10)
  Pikel (D:8)
  Psyche (D:8)
  2 komodo dragons
  A rime drake (Lair:2)
  A troll (D:9)
  4 polar bears
  Grinder (D:4)
  3 blink frogs (Lair:2)
  19 yaks
  2 hungry ghosts (D:8)
  3 basilisks
  A wyvern (D:10)
  Eustachio (D:5)
  4 hippogriffs
  4 water moccasins
  4 porcupines
  4 orc warriors
  A slave (D:8)
  An ice beast (D:8)
  A phantom (D:4)
  4 sky beasts
  5 black bears (Lair:2)
  8 ogres
  6 wolves
  2 centaurs (D:7)
  8 crocodiles
  3 big kobolds (D:8)
  Blork the orc (D:4)
  A gnoll sergeant (D:8)
  9 giant frogs
  A wyvern skeleton (D:7)
  6 scorpions
  11 killer bees
  4 wights (D:6)
  2 howler monkeys
  An electric eel (Lair:2)
  5 crimson imps
  A giant frog zombie (D:9)
  2 jellies
  A quasit (D:7)
  6 orc priests
  6 hounds
  4 orc wizards
  2 centaur skeletons
  2 giant frog skeletons
  A gnoll shaman (D:4)
  5 iguanas
  5 hell rats
  11 worker ants
  6 sheep
  2 hound skeletons
  A howler monkey zombie (D:8)
  Robin (D:4)
  10 gnolls
  12 adders
  25 river rats
  3 shadow imps
  3 oozes
  An adder skeleton (D:5)
  2 adder zombies
  A worm (D:2)
  4 dart slugs
  6 giant geckos
  60 orcs
  2 giant cockroaches
  7 hobgoblins
  8 jackals
  3 quokkas
  A ball python (D:2)
  10 bats
  A giant gecko zombie (D:5)
  4 giant newts
  16 goblins
  9 kobolds
  A quokka skeleton (D:4)
  28 rats
  2 plants
415 creatures vanquished.

Vanquished Creatures (others)
  Fannar (D:10)
  3 slaves (D:8)
  A jelly (D:8)
  An orc (D:8)
  2 fungi
  6 plants
  11 toadstools (Lair:3)
25 creatures vanquished.

Grand Total: 440 creatures vanquished

Notes
Turn   | Place    | Note
--------------------------------------------------------------
     0 | D:1      | Alarkh the Mummy Hunter began the quest for the Orb.
     0 | D:1      | Reached XP level 1. HP: 16/16 MP: 1/1
   298 | D:1      | Reached XP level 2. HP: 22/22 MP: 2/2
   456 | D:2      | Reached skill level 4 in Crossbows
   520 | D:2      | Reached XP level 3. HP: 27/27 MP: 3/3
   897 | D:2      | Reached XP level 4. HP: 33/33 MP: 4/4
  1128 | D:3      | Found a sacrificial altar of Ru.
  1186 | D:3      | Reached skill level 5 in Crossbows
  1380 | D:3      | Found a sparkling altar of Nemelex Xobeh.
  1447 | D:3      | Noticed an ogre
  1450 | D:3      | Killed an ogre
  1450 | D:3      | Reached XP level 5. HP: 38/38 MP: 5/5
  1891 | D:4      | Reached skill level 6 in Crossbows
  1915 | D:4      | Noticed Robin
  1919 | D:4      | Killed Robin
  1919 | D:4      | Reached XP level 6. HP: 42/44 MP: 6/6
  1989 | D:4      | Noticed Grinder
  2030 | D:4      | Paralysed by Grinder for 4 turns
  2041 | D:4      | Killed Grinder
  2096 | D:4      | Found a staircase to the Ecumenical Temple.
  2119 | D:4      | Reached skill level 7 in Crossbows
  2148 | D:4      | Reached XP level 7. HP: 50/50 MP: 7/7
  2230 | Temple   | Entered the Ecumenical Temple
  2678 | D:4      | Noticed Blork the orc
  2694 | D:4      | Killed Blork the orc
  2810 | D:4      | Found Ohunwiad's Magic Scroll Shop.
  2846 | D:4      | Reached skill level 8 in Crossbows
  2862 | D:4      | Bought a scroll of blinking for 75 gold pieces
  3090 | D:4      | Found a blossoming altar of Fedhas.
  3102 | D:4      | Noticed an oklob plant
  3277 | D:5      | Entered Level 5 of the Dungeon
  3374 | D:5      | Found Usat Abe's Assorted Antiques.
  3406 | D:5      | Reached XP level 8. HP: 32/56 MP: 8/8
  3468 | D:5      | Found a white marble altar of Elyvilon.
  3520 | D:5      | Noticed Eustachio
  3578 | D:5      | Killed Eustachio
  3578 | D:5      | Reached skill level 9 in Crossbows
  3617 | D:5      | Found a glowing golden altar of the Shining One.
  3887 | D:5      | Found a deep blue altar of Sif Muna.
  4416 | D:6      | Reached skill level 10 in Crossbows
  4579 | D:6      | Found a shattered altar of Ashenzari.
  4594 | D:6      | Reached skill level 1 in Armour
  4724 | D:5      | Reached XP level 9. HP: 35/62 MP: 9/9
  6228 | D:8      | Noticed Gastronok
  6285 | D:8      | Noticed Psyche
  6291 | D:8      | Killed Psyche
  6654 | D:8      | Reached skill level 5 in Fighting
  6654 | D:8      | Reached XP level 10. HP: 68/74 MP: 10/10
  6693 | D:8      | Noticed a two-headed hydra
  7092 | D:8      | Noticed Pikel
  7113 | D:8      | Killed Pikel
  7146 | D:8      | HP: 2/74 [killer bee (6)]
  7487 | D:7      | Killed a two-headed hydra
  7672 | D:8      | Reached skill level 11 in Crossbows
  8110 | D:8      | Reached skill level 5 in Dodging
  8236 | D:8      | Reached skill level 5 in Armour
  9098 | D:8      | Killed Gastronok
  9098 | D:8      | Reached XP level 11. HP: 41/84 MP: 11/11
  9365 | D:9      | Found an iron altar of Okawaru.
  9365 | D:9      | Found a white marble altar of Elyvilon.
  9369 | D:9      | Became a worshipper of Warmaster Okawaru
  9797 | D:9      | Found a basalt altar of Yredelemnul.
 10287 | D:9      | Found a basalt altar of Yredelemnul.
 10545 | D:10     | Entered Level 10 of the Dungeon
 10762 | D:10     | Noticed tyranidshit's ghost (novice DsAK)
 11117 | D:10     | Reached * piety under Okawaru
 11260 | D:10     | Noticed a hill giant
 11407 | D:10     | Killed a hill giant
 11804 | D:10     | Found a staircase to the Lair.
 11820 | Lair:1   | Entered Level 1 of the Lair of Beasts
 11898 | Lair:1   | Reached ** piety under Okawaru
 11941 | Lair:1   | Noticed Fannar
 12053 | D:10     | Killed Fannar
 13623 | Lair:2   | Reached *** piety under Okawaru
 13623 | Lair:2   | Reached XP level 12. HP: 86/94 MP: 12/12
 14312 | Lair:2   | Reached skill level 12 in Crossbows
 14687 | Lair:2   | Noticed a six-headed hydra
 14690 | Lair:2   | HP: 2/94 [six-headed hydra (11)]
 15568 | Lair:2   | Killed a six-headed hydra
 15568 | Lair:2   | Received a gift from Okawaru
 16000 | Lair:3   | Slain by a komodo dragon

Skill      XL: |  1  2  3  4  5  6  7  8  9 10 11 12 |
---------------+-------------------------------------+-----
Crossbows      | 4 5 6 7 8 10 11 12 | 12.1
Armour         | 1 3 5 6 7 |  7.4
Fighting       | 5 7 8 9 |  9.3
Dodging        | 3 5 6 7 |  7.4
Stealth        | |  0.7

Action                   |  1- 3 |  4- 6 |  7- 9 | 10-12 || total
-------------------------+-------+-------+-------+-------++-------
Melee: Dagger            |       |       |   407 |   942 ||  1349
       Punch             |       |       |       |     1 ||     1
 Fire: Hand crossbow     |    92 |   148 |   241 |   392 ||   873
Invok: Heroism           |       |       |       |     3 ||     3
Evoke: Wand              |       |       |       |     5 ||     5
  Use: Scroll            |       |     4 |     5 |    12 ||    21
 Stab: Sleeping          |       |       |     2 |       ||     2
       Paralysed         |       |       |       |     9 ||     9
Armor: Leather armour    |    10 |    13 |     1 |       ||    24
       Robe              |       |       |   109 |   412 ||   521
Dodge: Dodged            |    20 |    24 |   279 |   934 ||  1257
